 Dungeon Crawl Stone Soup version 0.27-a0-1612-gde56a17b89 (webtiles) character file.

Game seed: 18028288729854574694

49 Zonian the Shield-Bearer (level 3, -1/19 HPs)
             Began as a Vine Stalker Fighter on July 22, 2021.
             Slain by a gnoll (4 damage)
             ... on level 2 of the Dungeon.
             The game lasted 00:01:59 (1315 turns).

Zonian the Shield-Bearer (Vine Stalker Fighter)     Turns: 1315, Time: 00:01:59

Health: -1/19      AC:  6    Str: 18    XL:     3   Next: 77%
Magic:  0/4        EV:  7    Int:  8    God:
Gold:   64         SH:  9    Dex: 14    Spells: 2/2 levels left

rFire    . . .     SeeInvis .   a - +0 rapier
rCold    . . .     Faith    .   c - +0 kite shield
rNeg     . . .     Spirit   +   b - +0 scale mail
rPois    .         Reflect  .   (no helmet)
rElec    .         Harm     .   (no cloak)
rCorr    .         Rampage  .   (no gloves)
Will     .....                  (no boots)
Stlth    ..........             (no amulet)
HPRegen  0.06/turn              (no ring)
MPRegen  0.09/turn              (no ring)

@: no status effects
A: fangs 2, magic shield, antimagic bite, no potion heal 2
a: no special abilities


You were on level 2 of the Dungeon.
You visited 1 branch of the dungeon, and saw 2 of its levels.

You collected 64 gold pieces.

Inventory:

Hand Weapons
 a - a +0 rapier (weapon)
Armour
 b - a +0 scale mail (worn)
 c - a +0 kite shield (worn)
Scrolls
 f - a scroll of silence {unknown}
 g - a scroll of identify {unknown}
Potions
 d - 2 potions of might
 e - a potion of mutation {unknown}


   Skills:
 + Level 2.9 Fighting
 + Level 2.2 Short Blades
 + Level 3.0 Armour
 + Level 0.2 Dodging
 + Level 0.6 Stealth
 + Level 3.1 Shields


You had 2 spell levels left.
You didn't know any spells.
Your spell library contained the following spells:

 Spells                   Type           Power      Damage    Failure   Level
 Magic Dart               Conj           0%         1d3       99%         1
 Call Imp                 Summ           0%         N/A       100%        2
 Mephitic Cloud           Conj/Pois/Air  0%         N/A       100%        3


Dungeon Overview and Level Annotations

Branches:
Dungeon (2/15)

Altars:


Innate Abilities, Weirdness & Mutations

You have extremely sharp teeth.
When hurt, damage is shared between your health and your magic reserves.
Your bite disrupts and absorbs the magic of your enemies.
Potions cannot restore your health.


Message History

The giant cockroach bites you but does no damage.
You block the goblin's attack.
You hit the giant cockroach.
You kill the giant cockroach!
You block the goblin's attack.
You closely miss the goblin. You bite the goblin. You drain its power.
You feel invigorated.
The goblin is moderately wounded.
The goblin hits you with a +0 dagger. x2
You hit the goblin.
The goblin is heavily wounded.
You block the goblin's attack.
You hit the goblin.
You kill the goblin!
No target in view!
You see here a giant cockroach corpse.
You now have 57 gold pieces (gained 8).
You now have 64 gold pieces (gained 7).
Key pressed, stopping explore.
d - 2 potions of might (gained 1)
A gnoll comes into view. It is wielding a +0 flail.
A gnoll is nearby!
Unknown command.
The gnoll hits you with a +0 flail!
You hit the gnoll.
The gnoll is lightly wounded.
The gnoll hits you with a +0 flail!
You closely miss the gnoll.
The gnoll is lightly wounded.
You block the gnoll's attack. The gnoll hits you with a +0 flail.
* * * LOW HITPOINT WARNING * * *
You hit the gnoll. Your bite misses the gnoll.
The gnoll is heavily wounded.
You block the gnoll's attack.
Okay, then.
You hit the gnoll. You bite the gnoll. You drain its power.
You feel invigorated.
The gnoll is almost dead.
The gnoll hits you with a +0 flail.
You die...

.....# ...†.#...
......#.##
.......... ......
......#.## ####
..g.. ......#.#
....+..# ....
......... #...##.#
...
......#.###...##.#
.. ......+.#
#...##@# .# ......#
#...##g####g#
....)†#
#...##.#....#
......#
#...##.#.####
......#####...#....#
..............#..###
.##...........#..#
.##..............#
.##...........#.##


You could see a gnoll.

Vanquished Creatures
  A dart slug (D:1)
  5 ball pythons (D:1)
  4 giant cockroaches
  6 goblins
  3 hobgoblins (D:1)
  5 jackals
  2 kobolds (D:1)
  3 quokkas (D:1)
  4 bats
  2 frilled lizards (D:1)
  6 rats
41 creatures vanquished.

Vanquished Creatures (others)
  4 fungi (D:2)
  6 plants (D:2)
10 creatures vanquished.

Grand Total: 51 creatures vanquished

Notes
Turn   | Place    | Note
-------+----------+-------------------------------------------
     0 | D:1      | Zonian the Vine Stalker Fighter began the quest for the
                  | Orb.
     0 | D:1      | Reached XP level 1. HP: 11/11 MP: 2/2
    92 | D:1      | Reached XP level 2. HP: 15/16 MP: 3/3
   610 | D:1      | Reached XP level 3. HP: 19/19 MP: 4/4
  1315 | D:2      | Slain by a gnoll

Illustrated notes

Levels and vault maps discovered:
D:1:      evilmike_arrival_hilbert_curve, layout_rooms,
          minmay_misc_feat_ornament, grunt_decor_arrowhead, bh_walls_and_bars
D:2:      layout_basic, shapermc_ecumenical_altar_mp_urbaneastern

Skill      XL: |  1  2  3 |
---------------+----------+-----
Short Blades   | 2 |  2.2
Shields        | 3 |  3.1
Armour         | 3 |  3.0
Fighting       | |  2.9
Dodging        | |  0.2
Stealth        | |  0.6

Action                   || total
-------------------------++-------
Melee: Rapier            ||   116
       Bite              ||    28
Armor: Scale mail        ||    49
Dodge: Dodged            ||    39
Block: Kite shield       ||    65

Table legend: (Time is in decaauts)
 A = Elapsed time spent in this place.
 B = Non-inter-level travel time spent in this place.
 C = Inter-level travel time spent in this place.
 D = Time resting spent in this place.
 E = Time spent auto-exploring this place.
 F = Levels seen in this place.
 G = Mean time per level.
                   A        B        C        D        E       F      G
               +--------+--------+--------+--------+--------+-----+--------+
         Total |   1353 |   1337 |     16 |    213 |    821 |   2 |  676.5 |
       Dungeon |   1353 |   1337 |     16 |    213 |    821 |   2 |  676.5 |
               +--------+--------+--------+--------+--------+-----+--------+

Top non-repeatable levels by time:
     D:1: 1169 daAuts
     D:2: 184 daAuts
